 Dungeon Crawl Stone Soup version 0.21.1-1-g345015fe64 (webtiles) character file.

2250 Lentor the Carver (level 9, -6/61 HPs)
             Began as a Gargoyle Berserker on June 21, 2018.
             Was an Elder of Trog.
             Mangled by a ten-headed hydra (7 damage)
             ... on level 7 of the Dungeon.
             The game lasted 00:12:24 (6006 turns).

Lentor the Carver (Gargoyle Berserker)              Turns: 6006, Time: 00:12:25

Health: -6/61      AC: 18    Str: 22    XL:     9   Next: 37%
Magic:  1/9        EV:  9    Int:  8    God:    Trog [****..]
Gold:   369        SH:  0    Dex:  9    Spells: 8/8 levels left

rFire    + + +     SeeInvis .   k - +0 long sword
rCold    . . .     Gourm    .   (no shield)
rNeg     + . .     Faith    .   n - +0 chain mail
rPois    ∞         Spirit   .   (helmet restricted)
rElec    +         Reflect  .   (no cloak)
rCorr    .         Harm     .   q - +1 pair of gloves
MR       .....                  (no boots)
Stlth    ..........             (no amulet)
HPRegen  0.20/turn              e - ring of protection from fire
MPRegen  0.11/turn              g - ring of protection from fire

@: about to teleport, berserk cooldown, slowed, very slow
A: horns 1, fire resistance 1, negative energy resistance 1, robust 1,
electricity resistance, weak 1, unbreathing, petrification resistance, rot
immunity, AC +6
a: Berserk, Trog's Hand, Brothers in Arms, Burn Spellbooks, Renounce Religion


You were on level 7 of the Dungeon.
You worshipped Trog.
Trog was greatly pleased with you.
You were near starving.

You visited 2 branches of the dungeon, and saw 8 of its levels.

You collected 369 gold pieces.

Inventory:

Hand Weapons
 k - a +0 long sword (weapon)
Armour
 n - a +0 chain mail (worn)
 q - a +1 pair of gloves (worn)
Jewellery
 e - a ring of protection from fire (left hand)
 g - a ring of protection from fire (right hand)
Wands
 p - a wand of paralysis (12)
 r - a wand of clouds (7)
Scrolls
 b - 2 scrolls of silence {unknown}
 d - a scroll of identify
 j - a scroll of teleportation
 l - 2 scrolls of fog
 o - a scroll of blinking
 s - 3 scrolls of remove curse
Potions
 a - a potion of cancellation
 f - 3 potions of flight
 i - 4 potions of heal wounds
 m - a potion of mutation
 u - 2 potions of curing
 v - a potion of invisibility
 w - a potion of haste
 z - a potion of agility
Comestibles
 c - 12 rations


   Skills:
 + Level 6.5 Fighting
 + Level 8.4 Long Blades
 + Level 6.1 Armour
 + Level 3.9 Dodging
 + Level 0.9 Stealth


You had 8 spell levels left.
You didn't know any spells.

Dungeon Overview and Level Annotations

Branches:
Dungeon (7/15)             Temple (1/1) D:7

Altars:
Ashenzari
Cheibriados
Dithmenos
Elyvilon
Fedhas
Gozag
Hepliaklqana
Kikubaaqudgha
Makhleb
Nemelex Xobeh
Okawaru
Qazlal
Ru
Sif Muna
Trog
Uskayaw
Vehumet
Wu Jian
Xom
Yredelemnul
Zin
The Shining One

Annotations:
D:7 1 runed door


Innate Abilities, Weirdness & Mutations

You are resistant to torment.
Your stone body is resilient. (AC +6)
You are immune to poison.
You resist negative energy. (rN+)
You are resistant to electric shocks. (rElec)
You can survive without breathing.
You are immune to petrification.
You are immune to rotting.
You have a pair of small horns on your head.
Your flesh is heat resistant. (rF+)
You are robust. (+10% HP)
You are weak. (Str -2)


Message History

The ten-headed hydra barely misses you.
The ten-headed hydra bites you but does no damage.
The ten-headed hydra misses you. The ten-headed hydra bites you.
* * * LOW HITPOINT WARNING * * *
There is an open door here.
You feel a strong urge to attack something.
There is an escape hatch in the floor here.
You feel your anger nearly subside.
You are no longer berserk.
You are exhausted.
You feel yourself slow down.
As you read the scroll of teleportation, it crumbles to dust.
You feel strangely unstable.
The ten-headed hydra bites you but does no damage. x3
The ten-headed hydra bites you.
* * * LOW HITPOINT WARNING * * *
The ten-headed hydra bites you!
* * * LOW HITPOINT WARNING * * *
The ten-headed hydra bites you but does no damage. x2
The ten-headed hydra bites you!
You die...

.#### ######### #.# #.# .#
........# #.###'#### .#
........####.##.....# .#
........'.##.##.....######
.#
........#.##.##.....'.....
.#
.##..GD##>##.##.....######
.### #.... #.##.##^....# #
...# #.... #D##.######## #
##.# #.... #@##.# # ...#
#..... #....# # ####
#..... ###### # .####.
#..... # ...... # .####.
.# .# #####.###.#
#........##


You could see a ten-headed hydra.

Vanquished Creatures
  The ghost of Bapho the Magician, an amateur DEWz (D:3)
  A black bear (D:6)
  An ice beast (D:7)
  2 ogres
  A phantom (D:6)
  3 centaurs
  Blork the orc (D:5)
  2 bullfrogs
  A scorpion (D:7)
  2 vampire bats (D:6)
  3 howler monkeys (D:7)
  2 crimson imps
  2 centaur zombies (D:5)
  4 orc priests
  3 hounds
  4 orc wizards
  4 iguanas
  8 worker ants
  Ijyb (D:3)
  A hound zombie (D:6)
  A howler monkey zombie (D:6)
  5 gnolls
  6 adders
  An ooze (D:1)
  An adder zombie (D:5)
  2 adder skeletons (D:4)
  A worm (D:3)
  3 dart slugs (D:1)
  6 leopard geckos
  15 orcs
  2 ball pythons (D:1)
  4 bat skeletons (D:6)
  2 bat zombies (D:6)
  5 giant cockroaches
  6 goblins
  9 hobgoblins
  9 jackals
  3 quokkas
  10 bats
  6 frilled lizards
  A jackal skeleton (D:5)
  7 kobolds
  A leopard gecko zombie (D:6)
  6 rats
159 creatures vanquished.

Notes
Turn   | Place    | Note
-------+----------+-------------------------------------------
     0 | D:1      | Lentor the Gargoyle Berserker began the quest for the Orb.
     0 | D:1      | Reached XP level 1. HP: 14/14 MP: 1/1
   128 | D:1      | Reached XP level 2. HP: 16/19 MP: 2/2
   158 | D:1      | Reached skill level 3 in Long Blades
   168 | D:1      | Reached XP level 3. HP: 24/24 MP: 3/3
   683 | D:1      | Reached ** piety under Trog
   814 | D:1      | Reached XP level 4. HP: 29/29 MP: 4/4
  1694 | D:3      | Reached skill level 4 in Long Blades
  1694 | D:3      | Reached XP level 5. HP: 26/33 MP: 5/5
  1745 | D:3      | Found a faded altar of an unknown god.
  1837 | D:3      | Noticed an ogre
  1844 | D:3      | Killed an ogre
  1844 | D:3      | Reached XP level 6. HP: 23/39 MP: 6/6
  2037 | D:3      | Noticed Ijyb
  2050 | D:3      | Paralysed by Ijyb for 2 turns
  2054 | D:3      | Killed Ijyb
  2098 | D:3      | Noticed Bapho's ghost (amateur DEWz)
  2271 | D:3      | Reached *** piety under Trog
  2384 | D:3      | Killed Bapho's ghost
  2384 | D:3      | Reached skill level 5 in Long Blades
  2562 | D:4      | Reached XP level 7. HP: 44/44 MP: 7/7
  3039 | D:5      | Entered Level 5 of the Dungeon
  3039 | D:5      | Noticed Blork the orc
  3047 | D:5      | Killed Blork the orc
  3329 | D:5      | Reached skill level 6 in Long Blades
  3373 | D:5      | Reached skill level 5 in Fighting
  3385 | D:5      | Reached XP level 8. HP: 49/49 MP: 8/8
  3582 | D:5      | Reached **** piety under Trog
  4168 | D:6      | Reached skill level 7 in Long Blades
  4274 | D:6      | Received a gift from Trog
  4539 | D:6      | Found an ancient bone altar of Kikubaaqudgha.
  4551 | D:6      | Reached skill level 5 in Armour
  4551 | D:6      | Reached XP level 9. HP: 55/55 MP: 9/9
  4641 | D:6      | Found a blossoming altar of Fedhas.
  4905 | D:7      | Reached skill level 8 in Long Blades
  5184 | D:7      | Gained mutation: You are weak. (Str -2) [potion of mutation]
  5184 | D:7      | Gained mutation: You have a pair of small horns on your head. [potion of mutation]
  5184 | D:7      | Gained mutation: Your flesh is heat resistant. (rF+) [potion of mutation]
  5184 | D:7      | Gained mutation: You are robust. (+10% HP) [potion of mutation]
  5438 | D:7      | Found a staircase to the Ecumenical Temple.
  5457 | Temple   | Entered the Ecumenical Temple
  5829 | D:7      | Found a runed door.
  5993 | D:7      | Noticed an eight-headed hydra
  6006 | D:7      | HP: 1/61 [ten-headed hydra (10)]
  6006 | D:7      | Mangled by a ten-headed hydra

Skill      XL: |  1  2  3  4  5  6  7  8  9 |
---------------+----------------------------+-----
Long Blades    | 3 4 5 6 7 8 |  8.4
Dodging        | 2 3 |  3.9
Fighting       | 4 5 6 |  6.5
Armour         | 3 4 5 6 |  6.1
Stealth        | |  0.9

Action                   |  1- 3 |  4- 6 |  7- 9 || total
-------------------------+-------+-------+-------++-------
Melee: Falchion          |    92 |   215 |   227 ||   534
       Long sword        |       |       |   185 ||   185
       Headbutt          |       |       |     9 ||     9
Invok: Berserk           |     1 |     3 |     4 ||     8
       Burn Spellbooks   |       |       |     1 ||     1
  Use: Scroll            |       |       |    16 ||    16
       Potion            |       |       |     1 ||     1
  Eat: Chunk             |       |    10 |    10 ||    20
       Ration            |       |       |     1 ||     1
Armor: Animal skin       |    43 |    17 |       ||    60
       Ring mail         |       |    97 |    15 ||   112
       Leather armour    |       |    10 |       ||    10
       Chain mail        |       |       |   266 ||   266
Dodge: Dodged            |    98 |   144 |   219 ||   461
       Rpst.: Falchion   |    42 |    55 |    48 ||   145
       Long sword        |       |       |    23 ||    23
